 Dungeon Crawl Stone Soup version 0.18-a0-46-g45ca8e4 (webtiles) character file.

47 SlimeFever the Insei (level 3, -6/23 HPs)
             Began as an Octopode Transmuter on Nov 6, 2015.
             Mangled by a gnoll
             ... wielding a +0 club
              (7 damage)
             ... on level 2 of the Dungeon.
             The game lasted 00:12:36 (1360 turns).

SlimeFever the Insei (Octopode Transmuter)          Turns: 1360, Time: 00:12:36

Health: -6/23      AC:  1    Str:  9    XL:     3   Next: 70%
Magic:  4/6        EV: 12    Int: 16    God:
Gold:   109        SH:  0    Dex: 12    Spells: 3 memorised, 0 levels left

rFire  . . .     SeeInvis .       - Unarmed
rCold  . . .     Clarity  .     (no shield)
rNeg   . . .     SustAt   .     (helmet restricted)
rPois  .         Gourm    .     (no amulet)
rElec  .         Spirit   .     (no ring)
rCorr  .         Warding  .     (no ring)
rMut   .         Stasis   .     (no ring)
MR     .....                    (no ring)
Stlth  +++.......               (no ring)
                                (no ring)
                                (no ring)
                                (no ring)

@: appendage (expiring), not resistant to hostile enchantments, fairly stealthy
A: almost no armour, amphibious, 8 rings, constrict 8, tentacle spike 3,
camouflage 1, gelatinous body 1
a: End Transformation


You were on level 2 of the Dungeon.
You were not hungry.
One of your tentacles had a temporary spike.
You visited 1 branch of the dungeon, and saw 2 of its levels.

You collected 109 gold pieces.

Inventory:

Missiles
 a - 12 arrows
 g - 7 poisoned needles
 j - 18 bolts
 k - 10 stones (quivered)
Scrolls
 e - a scroll of teleportation
 f - a scroll of identify
 h - a scroll of amnesia
Potions
 d - a potion of cure mutation
 i - a potion of magic
Books
 b - a book of Changes

   Spells                             Type                      Level
   a - Beastly Appendage              Transmutation                1
   b - Sticks to Snakes               Transmutation                2
   c - Spider Form                    Transmutation/Poison         3
   d - Ice Form                       Ice/Transmutation            4
   e - Blade Hands                    Transmutation                5
Comestibles
 c - 2 bread rations


   Skills:
 + Level 1.1 Fighting
 + Level 2.3 Dodging
 + Level 1.3 Stealth
 + Level 3.6 Unarmed Combat
 + Level 2.4 Spellcasting
 + Level 2.2 Transmutations
 + Level 0.2 Poison Magic


You couldn't memorise any spells.
You knew the following spells:

 Your Spells              Type           Power        Failure   Level  Hunger
a - Beastly Appendage     Trmt           #.....       10%         1    #......
b - Sticks to Snakes      Trmt           #.........   14%         2    ###....
c - Spider Form           Trmt/Pois      #.........   38%         3    ###....


Dungeon Overview and Level Annotations

Branches:
Dungeon (2/15)

Altars:
Ru
Trog


Innate Abilities, Weirdness & Mutations

You cannot wear most types of armour.
You are amphibious.
You can wear up to eight rings at the same time.
You can use your tentacles to constrict eight enemies at once.
Your skin changes colour to match your surroundings (Stealth).
Your rubbery body absorbs attacks (AC +1).
One of your tentacles bears a large vicious spike.


Message History

The gnoll closely misses you.
You tentacle-slap the gnoll.
You pierce the gnoll, but do no damage.
The gnoll is moderately wounded.
Your transformation is almost over.
You constrict the gnoll, but do no damage.
The gnoll hits you with a club.
* * * LOW HITPOINT WARNING * * *
You tentacle-slap the gnoll but do no damage.
You pierce the gnoll, but do no damage.
The gnoll is moderately wounded.
You constrict the gnoll.
You tentacle-slap the gnoll but do no damage.
You pierce the gnoll, but do no damage.
You squeeze the gnoll, but do no damage.
The gnoll is heavily wounded.
You constrict the gnoll. The gnoll closely misses you.
You tentacle-slap the gnoll.
You pierce the gnoll, but do no damage.
The gnoll is severely wounded.
You constrict the gnoll. The gnoll hits you with a club!
You die...

#.##
##.......#
##.##
##.#.##.###
##.###.##.##.#
##...###....#
## ##.## ###.#
.. #.# #.# .#
#.# #.# .##
#.# #.####..#
#.# #...@g..#
#.# #†#######
#.# #.# #.#
#.# #.# #.# #
#.#######.#.#
#...........#
#########.###
#...


You could see a gnoll.

Vanquished Creatures
  A gnoll (D:2)
  An ooze (D:1)
  A bat (D:1)
  A giant cockroach (D:1)
  5 hobgoblins
  4 jackals (D:2)
  7 kobolds
  A ball python (D:1)
  A giant gecko (D:1)
  A giant newt (D:1)
  4 goblins
  7 rats
34 creatures vanquished.

Notes
Turn   | Place    | Note
--------------------------------------------------------------
     0 | D:1      | SlimeFever the Octopode Transmuter began the quest for the Orb.
     0 | D:1      | Reached XP level 1. HP: 13/13 MP: 3/3
   201 | D:1      | Reached XP level 2. HP: 11/18 MP: 3/5
   339 | D:1      | Learned a level 2 spell: Sticks to Snakes
   846 | D:1      | Reached XP level 3. HP: 19/23 MP: 4/6
   966 | D:2      | Found a bloodstained altar of Trog.
   983 | D:2      | Found a sacrificial altar of Ru.
  1011 | D:2      | Learned a level 3 spell: Spider Form
  1075 | D:2      | Reached skill level 1 in Stealth
  1357 | D:2      | HP: 1/23 [gnoll/club (5)]
  1360 | D:2      | Mangled by a gnoll

Vault maps used:
D:1:      evilmike_arrival_crescent
D:2:      nicolae_ru_awakened_eye, marbit_many_paths, trog_butcher_becter

Action                   || total
-------------------------++-------
Melee: Unarmed           ||    81
 Cast: Beastly Appendage ||    21
       Spider Form       ||     2
  Use: Scroll            ||     6
 Stab: Sleeping          ||     4
       Distracted        ||     1
  Eat: Bread ration      ||     1
